 Dungeon Crawl Stone Soup version 0.29-a0-550-g81e455f4c2 (webtiles) character file.

Game seed: 12352136620143882464

170 Lekart the Digger (level 5, -1/38 HPs)
             Began as a Draconian Earth Elementalist on June 5, 2022.
             Slain by an iguana (12 damage)
             ... on level 3 of the Dungeon.
             The game lasted 00:11:52 (4179 turns).

Lekart the Digger (Draconian Earth Elementalist)    Turns: 4179, Time: 00:11:53

Health: -1/38      AC:  6    Str: 10    XL:     5   Next: 26%
Magic:  5/10       EV: 12    Int: 17    God:
Gold:   120        SH:  0    Dex: 12    Spells: 5/11 levels left

rFire   . . .      SeeInvis .     - Unarmed
rCold   . . .      Faith    .   (no shield)
rNeg    . . .      Spirit   .   (body armour unavailable)
rPois   .          Reflect  .   (helmet restricted)
rElec   .          Harm     .   (no cloak)
rCorr   .          Rampage  .   (no gloves)
Will    .....                   j - +0 pair of boots
Stlth   ++........              (no amulet)
HPRegen 0.12/turn               (no ring)
MPRegen 0.12/turn               (no ring)

@: no status effects
A: AC +5, unfitting armour, cold-blooded
a: no special abilities


You were on level 3 of the Dungeon.
You visited 1 branch of the dungeon, and saw 4 of its levels.

You collected 120 gold pieces.

Inventory:

Missiles
 a - 28 stones
 i - 7 poisoned darts (quivered)
Armour
 j - a +0 pair of boots (worn)
Scrolls
 g - a scroll of silence
 l - a scroll of poison
Potions
 b - a potion of magic
 d - a potion of attraction
 e - a potion of ambrosia {unknown}
 f - a potion of curing {unknown}
 h - 3 potions of heal wounds


   Skills:
 + Level 0.4 Throwing
 + Level 2.1 Dodging
 - Level 1.7 Stealth
 + Level 1.0 Unarmed Combat
 + Level 3.5 Spellcasting
 + Level 0.1 Conjurations
 + Level 1.0 Transmutations
 + Level 4.5 Earth Magic


You had 5 spell levels left.
You knew the following spells:

 Your Spells              Type           Power      Damage    Failure   Level
a - Sandblast             Erth           36%        2d10      2%          1
b - Passwall              Tmut/Erth      10%        N/A       9%          2
c - Stone Arrow           Conj/Erth      20%        3d8       19%         3

Your spell library contained the following spells:

 Spells                   Type           Power      Damage    Failure   Level
 Petrify                  Tmut/Erth      12%        N/A       47%         4


Dungeon Overview and Level Annotations

Branches:
Dungeon (4/15)
 Temple: D:4-7

Altars:
Dithmenos

Annotations:
D:3 2 transporters, blade888's ghost, amateur OpVM


Innate Abilities, Weirdness & Mutations

Your plain brown scales are hard. (AC +5)
You cannot fit into any form of body armour.
You are cold-blooded and may be slowed by cold attacks.


Message History

The iguana is lightly wounded.
a - 31 stones The iguana misses you.
Your goblin hits the iguana but does no damage.
Your goblin hits the iguana with a +0 club.
Your hobgoblin hits the iguana but does no damage.
Casting: Sandblast (safe; 2% risk of failure)
Confirm with . or Enter, or press ? or * to list all spells.
Aiming: Sandblast (safe; 2% risk of failure)
Press: ? - help, Shift-Dir - straight line, f/p - iguana
Aim: an iguana (moderately wounded, ally target, 82% to hit)
The blast of sand hits the iguana.
The iguana is moderately wounded.
a - 30 stones The iguana bites you.
* * * LOW HITPOINT WARNING * * *
Your goblin hits the iguana but does no damage. x2
Your hobgoblin hits the iguana but does no damage.
Casting: Sandblast (safe; 2% risk of failure)
Confirm with . or Enter, or press ? or * to list all spells.
Aiming: Sandblast (safe; 2% risk of failure)
Press: ? - help, Shift-Dir - straight line, f/p - iguana
Aim: an iguana (moderately wounded, ally target, 82% to hit)
The blast of sand hits the iguana but does no damage.
The iguana is moderately wounded.
a - 29 stones The iguana closely misses you.
Your goblin hits the iguana but does no damage.
Your hobgoblin hits the iguana but does no damage.
Your goblin hits the iguana but does no damage.
Casting: Sandblast (safe; 2% risk of failure)
Confirm with . or Enter, or press ? or * to list all spells.
Aiming: Sandblast (safe; 2% risk of failure)
Press: ? - help, Shift-Dir - straight line, f/p - iguana
Aim: an iguana (moderately wounded, ally target, 82% to hit)
The blast of sand hits the iguana.
The iguana is moderately wounded.
a - 28 stones The iguana bites you!
You die...

.............#
.#..#........#
.............#
.####........#
'####...######
..##.)..##
.......[.#########
.©.####.......ggg#
####,.###..####l@#
.5(..#.,##.# #...#
.=###...,#.# #..##
#.....#.##.###...#
.©..#..5#..#.....#
.#..##..#..#..#..#
.,,#....#..#.....#
#,.....##....##.##
.,###.##)....##.#


You could see an iguana (ally target), a friendly hobgoblin (summoned) and 2
friendly goblins.

Vanquished Creatures
  4 gnolls
  3 adders
  2 worms
  4 dart slugs
  4 orcs (D:3)
  11 ball pythons
  10 endoplasms
  7 giant cockroaches
  8 goblins
  3 hobgoblins
  6 quokkas
  4 bats
  7 frilled lizards
  5 kobolds
  8 rats
86 creatures vanquished.

Vanquished Creatures (others)
  A plant (D:3)
1 creature vanquished.

Grand Total: 87 creatures vanquished

Notes
Turn   | Place    | Note
-------+----------+-------------------------------------------
     0 | D:1      | Lekart the Draconian Earth Elementalist began the quest for
                  | the Orb.
     0 | D:1      | Reached XP level 1. HP: 14/14 MP: 3/3
   332 | D:1      | Reached XP level 2. HP: 20/20 MP: 0/5
   738 | D:1      | Learned a level 2 spell: Passwall
  1533 | D:2      | Reached XP level 3. HP: 26/26 MP: 3/6
  1754 | D:1      | Reached skill level 4 in Earth Magic
  1798 | D:2      | Reached XP level 4. HP: 16/33 MP: 5/8
  1807 | D:2      | HP: 1/33 [poisoned by a gnoll]
  2314 | D:2      | Learned a level 3 spell: Stone Arrow
  3119 | D:3      | Found a shadowy altar of Dithmenos.
  3210 | D:3      | Found a transporter.
  3237 | D:3      | Found a transporter.
  3241 | D:3      | Noticed blade888's ghost (amateur OpVM)
  3300 | D:3      | Reached XP level 5. HP: 37/38 MP: 5/9
  3498 | D:3      | Reached skill level 1 in Unarmed Combat
  4179 | D:3      | Slain by an iguana

Illustrated notes

Levels and vault maps discovered:
D:1:      dpeg_arrival_simpleton_b, layout_basic, moated_statue,
          chequers_serial_rivers_marsh
D:2:      layout_rooms, minmay_tall_x
D:3:      cheibrodos_old_hovel, layout_basic, mainiacjoe_overflow_cross_hatched,
          gammafunk_ghost_stat_death, skrybe_limestone_x, minmay_joined_circles
D:4:      layout_loops_cross, minmay_temple_entry_antechambers, st_stairs_10,
          minmay_ruined_shrine

Skill      XL: |  1  2  3  4  5 |
---------------+----------------+-----
Spellcasting   | 3 |  3.5
Earth Magic    | 4 |  4.5
Dodging        | 2 |  2.1
Unarmed Combat | 1 |  1.0
Throwing       | |  0.4
Stealth        | |  1.7
Conjurations   | |  0.1
Transmutations | |  1.0

Action                   |  1- 3 |  4- 6 || total
-------------------------+-------+-------++-------
Melee: Unarmed           |    23 |    45 ||    68
       Tailslap          |     1 |     6 ||     7
       Punch             |     1 |     1 ||     2
Throw: Dart              |     9 |     3 ||    12
       Stone             |       |    27 ||    27
 Cast: Sandblast         |    47 |    48 ||    95
       Stone Arrow       |       |    12 ||    12
  Use: Scroll            |       |    12 ||    12
       Potion            |       |     2 ||     2
Armor: Skin              |    10 |    23 ||    33
Dodge: Dodged            |    35 |    48 ||    83

Table legend: (Time is in decaauts)
 A = Elapsed time spent in this place.
 B = Non-inter-level travel time spent in this place.
 C = Inter-level travel time spent in this place.
 D = Time resting spent in this place.
 E = Time spent auto-exploring this place.
 F = Levels seen in this place.
 G = Mean time per level.
                   A        B        C        D        E       F      G
               +--------+--------+--------+--------+--------+-----+--------+
         Total |   4188 |   4155 |     33 |    620 |   2834 |   4 | 1047.0 |
       Dungeon |   4188 |   4155 |     33 |    620 |   2834 |   4 | 1047.0 |
               +--------+--------+--------+--------+--------+-----+--------+

Top non-repeatable levels by time:
     D:1: 1617 daAuts
     D:3: 1266 daAuts
     D:2: 1207 daAuts
     D:4: 97 daAuts
